 Dungeon Crawl Stone Soup version 0.28.0-53-g5a82cb258f (webtiles) character file.

Game seed: 13954346330858400786

84 Infinimo the Cudgeller (level 4, -1/48 HPs)
             Began as an Ogre Gladiator on June 3, 2022.
             Slain by a gnoll
             ... wielding a +0 halberd
              (10 damage)
             ... on level 2 of the Dungeon.
             The game lasted 00:03:10 (1517 turns).

Infinimo the Cudgeller (Ogre Gladiator)             Turns: 1517, Time: 00:03:11

Health: -1/48      AC:  3    Str: 20    XL:     4   Next: 45%
Magic:  4/4        EV: 10    Int:  9    God:
Gold:   15         SH:  0    Dex: 10    Spells: 3/3 levels left

rFire   . . .      SeeInvis .   a - +0 flail
rCold   . . .      Faith    .   (no shield)
rNeg    . . .      Spirit   .   b - +0 robe
rPois   .          Reflect  .   c - +0 hat
rElec   .          Harm     .   (no cloak)
rCorr   .          Rampage  .   (gloves unavailable)
Will    .....                   (boots unavailable)
Stlth   ..........              f - amulet of regeneration
HPRegen 0.96/turn               (no ring)
MPRegen 0.09/turn               (no ring)

@: silenced
A: large, unfitting armour, tough skin 1
a: no special abilities


You were on level 2 of the Dungeon.
You visited 1 branch of the dungeon, and saw 2 of its levels.

You collected 15 gold pieces.

Inventory:

Hand Weapons
 a - a +0 flail (weapon)
Missiles
 d - 3 throwing nets (quivered)
Armour
 b - a +0 robe (worn)
 c - a +0 hat (worn)
Jewellery
 f - an amulet of regeneration (around neck)
Scrolls
 i - a scroll of silence
Potions
 e - 2 potions of brilliance
 j - a potion of ambrosia {unknown}
 l - a potion of flight {unknown}
 m - a potion of might {unknown}


   Skills:
 + Level 3.8 Fighting
 * Level 3.8 Maces & Flails
 - Level 2.0 Throwing
 + Level 3.2 Dodging


You had 3 spell levels left.
You didn't know any spells.
Your spell library contained the following spells:

 Spells                   Type           Power      Damage    Failure   Level
 Apportation              Tloc           0%         N/A       38%         1
 Alistair's Intoxication  Tmut/Pois      0%         N/A       100%        5


Dungeon Overview and Level Annotations

Branches:
Dungeon (2/15)

Altars:


Innate Abilities, Weirdness & Mutations

You are too large for most types of armour.
You have tough skin. (AC +1)


Message History

You climb downwards.
There is a stone staircase leading up here.
A gnoll is nearby!
A gnoll is nearby!
Okay, then.
You aren't carrying any items that you can evoke.
As you read the scroll labelled UHAAGG ZEUBBUA, it crumbles to dust.
It is a scroll of amnesia.
You feel forgetful for a moment.
As you read the scroll labelled BEYPITZUAXKO, it crumbles to dust.
It is a scroll of identify.
e - 2 potions of brilliance
As you read the scroll labelled NOYSETH HUIG, it crumbles to dust.
A profound silence engulfs you.
It was a scroll of silence.
The gnoll hits you from afar with a +0 halberd.
The gnoll hits you with a +0 halberd!
You barely miss the gnoll. The gnoll closely misses you.
The gnoll hits you with a +0 halberd!
You sock the gnoll!
The gnoll is heavily wounded.
The gnoll barely misses you.
You hit the gnoll.
The gnoll is severely wounded.
The gnoll hits you with a +0 halberd!
You are too injured to fight recklessly!
You are too injured to fight recklessly!
You barely miss the gnoll.
The gnoll is severely wounded.
The gnoll barely misses you.
You barely miss the gnoll.
The gnoll is severely wounded.
The gnoll hits you with a +0 halberd.
You closely miss the gnoll.
The gnoll is severely wounded.
The gnoll hits you with a +0 halberd!
* * * LOW HITPOINT WARNING * * *
The gnoll hits you with a +0 halberd.
* * * LOW HITPOINT WARNING * * *
The gnoll hits you from afar with a +0 halberd!
You die...

#.##...# #.8.# .........
#.##.>.###...####........
#B##........[............
#.####........⌠..........
#.# #.....).............
#.####.......####.g......
#.........g..# #[........
#...⌠.(......###.........
#...........@..#.g.......
######...###.<.#.........
#.8.# #...#.........
#...# #####...######
##### ....# ....#


You could see a gnoll.

Vanquished Creatures
  A gnoll (D:1)
  2 adders (D:2)
  A worm (D:2)
  5 dart slugs
  5 bats (D:1)
  4 endoplasms
  3 giant cockroaches (D:1)
  4 goblins (D:1)
  5 hobgoblins (D:1)
  2 jackals (D:1)
  3 frilled lizards (D:1)
  5 kobolds (D:1)
  2 rats
42 creatures vanquished.

Vanquished Creatures (others)
  A fungus (D:1)
  A plant (D:1)
2 creatures vanquished.

Grand Total: 44 creatures vanquished

Notes
Turn   | Place    | Note
-------+----------+-------------------------------------------
     0 | D:1      | Infinimo the Ogre Gladiator began the quest for the Orb.
     0 | D:1      | Reached XP level 1. HP: 22/22 MP: 1/1
    31 | D:1      | Found a faded altar of an unknown god.
    48 | D:1      | Reached XP level 2. HP: 13/29 MP: 2/2
   446 | D:1      | Reached XP level 3. HP: 37/37 MP: 3/3
  1065 | D:2      | Reached XP level 4. HP: 28/45 MP: 4/4
  1517 | D:2      | Slain by a gnoll

Illustrated notes

Levels and vault maps discovered:
D:1:      dpeg_arrival_more_subterranean_lakeside_camping, layout_loops_ring,
          dreamdust_ecumenical_altar_grove, minmay_tree_intersection
D:2:      layout_basic, minmay_misc_feat_diagonals, chequers_big_river,
          nicolae_elevator_lobby_asterisk

Skill      XL: |  1  2 |
---------------+-------+-----
Fighting       | 3 |  3.8
Maces & Flails | 3 |  3.8
Dodging        | 3 |  3.2
Throwing       | |  2.0

Action                   |  1- 3 |  4- 6 || total
-------------------------+-------+-------++-------
Melee: Flail             |   128 |    43 ||   171
Throw: Dart              |       |     2 ||     2
  Use: Scroll            |       |     3 ||     3
Armor: Robe              |    43 |     5 ||    48
Dodge: Dodged            |    79 |    24 ||   103
